 Dungeon Crawl Stone Soup version 0.30-a0-385-gfebfb9b408 (webtiles) character file.

Game seed: 7001980135868565084

24 ragingrage the Insei (level 3, -1/34 HPs)
             Began as an Octopode Transmuter on Dec 2, 2022.
             Killed from afar by a dart slug (4 damage)
             ... with a slug dart
             ... on level 1 of the Dungeon.
             The game lasted 00:00:49 (526 turns).

ragingrage the Insei (Octopode Transmuter)           Turns: 526, Time: 00:00:50

Health: -1/34      AC: 21    Str:  9    XL:     3   Next: 2%
Magic:  5/6        EV:  2    Int: 17    God:
Gold:   21         SH:  0    Dex: 12    Spells: 5/6 levels left

rFire   . . .      SeeInvis .      - Unarmed
rCold   . . .      Faith    .    (no shield)
rNeg    . . .      Spirit   .    (helmet currently unavailable)
rPois   +          Reflect  .    (no amulet)
rElec   .          Harm     .    (no ring)
rCorr   .          Rampage  .    (no ring)
Will    .....      NoTele   +    (no ring)
Stlth   +.........               (no ring)
HPRegen 0.25/turn                (no ring)
MPRegen 0.10/turn                (no ring)
                                 (no ring)
                                 (no ring)

@: tree-form
A: stationary, stasis, torment immunity, boosted hp, almost no armour,
(amphibious), 8 rings, (camouflage 1), (gelatinous body 1), (nimble swimmer 1),
(tentacles)
a: no special abilities


You were on level 1 of the Dungeon.
You were a tree.
You visited 1 branch of the dungeon, and saw 1 of its levels.

You collected 21 gold pieces.

Inventory:

Missiles
 f - 3 curare-tipped darts
Scrolls
 b - a scroll of blinking {unknown}
 c - 2 scrolls of brand weapon {unknown}
 d - 2 scrolls of identify {unknown}
Potions
 e - a potion of attraction {unknown}


   Skills:
 - Level 1.0 Fighting
 - Level 2.0 Dodging
 + Level 3.5 Unarmed Combat
 - Level 2.0 Spellcasting
 + Level 2.7 Transmutations


You had 5 spell levels left.
You knew the following spells:

 Your Spells              Type           Power      Damage    Failure   Level
a - Beastly Appendage     Tmut           22%        N/A       6%          1

Your spell library contained the following spells:

 Spells                   Type           Power      Damage    Failure   Level
 Wereblood                Tmut           11%        N/A       10%         2
 Spider Form              Tmut/Pois      6%         N/A       32%         3
 Ice Form                 Ice/Tmut       6%         N/A       73%         4
 Summon Forest            Summ/Tloc      0%         N/A       99%         5
 Summon Mana Viper        Hex/Summ       1%         N/A       99%         5
 Summon Cactus Giant      Summ           0%         N/A       100%        6


Dungeon Overview and Level Annotations

Branches:
Dungeon (1/15)

Altars:


Innate Abilities, Weirdness & Mutations

You are a tree.
Your roots penetrate the ground, keeping you stationary.
You cannot be teleported.
You are immune to unholy pain and torment.
Your maximum health is greatly increased.
You cannot wear most types of armour.
((You are amphibious.))
You can wear up to eight rings at the same time.
((Your skin changes colour to match your surroundings (Stealth+).))
((Your rubbery body absorbs attacks. (AC +1, EV +1)))
((You are camouflaged when in or above water. (Stealth+)))
((You have tentacles for arms and can constrict up to eight enemies at once.))


Message History

A dart slug comes into view.
An endoplasm comes into view.
The quokka barely misses you. The quokka bites you.
You tentacle-slap the quokka but do no damage.
Your grab misses the quokka. The quokka bites you.
You are too injured to fight recklessly!
You closely miss the quokka. Your grab misses the quokka. The quokka bites you.
You are too injured to fight recklessly!
You miss the quokka. Your grab misses the quokka.
Your tentacle spike misses the quokka.
Your squeeze misses the quokka. The quokka barely misses you.
You tentacle-slap the quokka. Your grab misses the quokka.
You pierce the quokka.
Your squeeze misses the quokka.
The quokka is almost dead.
Your transformation is almost over.
The quokka barely misses you.
You tentacle-slap the quokka.
You kill the quokka!
The dart slug launches a dart at you. The slug dart hits you.
You have reached level 3!
Your experience leads to an increase in your attributes!
Increase (S)trength, (I)ntelligence, or (D)exterity?
You feel clever. x2
The dart slug launches a dart at you. The slug dart hits you.
* * * LOW HITPOINT WARNING * * *
You see here a quokka corpse.
Really quaff the potion of lignification?
Your tentacle spike disappears.
You turn into a tree.
Your roots penetrate the ground.
The dart slug launches a dart at you. The slug dart hits you.
* * * LOW HITPOINT WARNING * * *
You smack the dart slug!
The dart slug is heavily wounded.
The endoplasm hits you but does no damage.
The dart slug launches a dart at you. The slug dart hits you.
You die...

.....)††.........
.#.# #..
#######.##.#.###..#
#.# #.. #.# .#.#
#..# #.. #.# .# #
#..# .....# #.#
.#.###..# .## #.#
.#.#....###
#>##.#........
#.##......w.######
#J♣.......
#.†.###### #...#
######...#
.........#
######.#.# #.#.#
#.#.## #+# #..#.#
##.#


You could see a dart slug and an endoplasm.

Vanquished Creatures
  2 ball pythons (D:1)
  3 bats (D:1)
  An endoplasm (D:1)
  A giant cockroach (D:1)
  5 goblins (D:1)
  A hobgoblin (D:1)
  3 quokkas (D:1)
  A frilled lizard (D:1)
  2 kobolds (D:1)
  A rat (D:1)
20 creatures vanquished.

Notes
Turn   | Place    | Note
-------+----------+-------------------------------------------
     0 | D:1      | ragingrage the Octopode Transmuter began the quest for the
                  | Orb.
     0 | D:1      | Reached XP level 1. HP: 13/13 MP: 3/3
   111 | D:1      | Found a faded altar of an unknown god.
   134 | D:1      | Reached XP level 2. HP: 18/18 MP: 3/5
   523 | D:1      | Reached XP level 3. HP: 8/23 MP: 4/6
   526 | D:1      | Killed from afar by a dart slug

Illustrated notes

Levels and vault maps discovered:
D:1:      mrwooster_arrival_arrow, layout_loops_ring, serial_rivers,
          chequers_serial_rivers_small_3, chequers_serial_rivers_micro_c,
          chequers_serial_rivers_micro_a, chequers_serial_rivers_micro_c,
          shapermc_ecumenical_altar_gd

Action                   || total
-------------------------++-------
Melee: Unarmed           ||    50
       Constrict         ||     9
       Kick              ||     7
       Tentacles         ||     9
       Punch             ||     1
 Cast: Beastly Appendage ||    10
  Use: Potion            ||     1
 Stab: Sleeping          ||     1
Armor: Skin              ||    10
Dodge: Dodged            ||    32

Table legend: (Time is in decaauts)
 A = Elapsed time spent in this place.
 B = Non-inter-level travel time spent in this place.
 C = Inter-level travel time spent in this place.
 D = Time resting spent in this place.
 E = Time spent auto-exploring this place.
 F = Levels seen in this place.
 G = Mean time per level.
                   A        B        C        D        E       F      G
               +--------+--------+--------+--------+--------+-----+--------+
         Total |    522 |    505 |     17 |     22 |    346 |   1 |  522.0 |
       Dungeon |    522 |    505 |     17 |     22 |    346 |   1 |  522.0 |
               +--------+--------+--------+--------+--------+-----+--------+

Top non-repeatable levels by time:
     D:1: 522 daAuts
